 Dungeon Crawl Stone Soup version 0.18-a0-1497-g788d838 (webtiles) character file.

98 GrosslyIncandescent the Insei (level 4, -4/35 HPs)
             Began as a Mummy Monk on Mar 4, 2016.
             Slain by a gnoll
             ... wielding a +0 halberd
              (18 damage)
             ... on level 2 of the Dungeon.
             The game lasted 00:04:15 (4019 turns).

GrosslyIncandescent the Insei (Mummy Monk)          Turns: 4019, Time: 00:04:15

Health: -4/35      AC:  1    Str: 14    XL:     4   Next: 43%
Magic:  4/4        EV: 13    Int:  9    God:
Gold:   119        SH:  0    Dex: 15    Spells: 0 memorised, 3 levels left

rFire  x . .     SeeInvis .       - Unarmed
rCold  + . .     Gourm    .     (no armour)
rNeg   + + +     Faith    .     (no shield)
rPois  ∞         Spirit   .     (no helmet)
rElec  .         Dismiss  .     f - +0 cloak
rCorr  .         Reflect  .     (no gloves)
SustAt .         Harm     .     (no boots)
MR     .....                    (no amulet)
Stlth  +.........               (no ring)
                                e - ring of loudness (curse)

@: not resistant to hostile enchantments, very unstealthy
A: no food or potions, fire vulnerability, cold resistance 1, negative energy
resistance 3, torment resistance, unbreathing
a: no special abilities


You were on level 2 of the Dungeon.
You were not hungry.

You visited 1 branch of the dungeon, and saw 3 of its levels.

You collected 119 gold pieces.


Innate Abilities, Weirdness & Mutations

You do not eat or drink.
Your flesh is vulnerable to fire.
You are immune to poison.
Your flesh is cold resistant.
You are immune to negative energy.
You are immune to unholy pain and torment.
You can survive without breathing.


   Skills:
 - Level 3.0 Fighting
 - Level 2.4 Dodging
 - Level 1.5 Stealth
 + Level 4.9 Unarmed Combat


You had 3 spell levels left.
You didn't know any spells.

Inventory:

Armour
 f - a +0 cloak (worn)
Jewellery
 e - a cursed ring of loudness (left hand)
Scrolls
 a - 4 scrolls of identify {unknown}
 b - 3 scrolls of noise {unknown}
 c - 2 scrolls of remove curse {unknown}
 d - a scroll of amnesia {unknown}

Dungeon Overview and Level Annotations

Branches:
Dungeon (3/15)

Altars:
Fedhas
Qazlal
Ru
Yredelemnul

..<....!.............▒▒▒▒..▒▒▒.▒.
▒.▒...........▒.▒.▒..............
▒.▒..▒▒.▒.▒▒▒..........▒...▒.▒.▒▒
▒.▒..▒▒...▒▒..▒.▒.▒..▒.▒...▒.....
▒.▒..▒▒.▒.▒▒.........▒.▒...▒▒▒▒▒▒
....<.........▒.▒.▒..............
▒.▒▒.▒▒.▒............▒▒▒▒..▒▒▒▒▒▒
▒.▒▒.▒▒.▒<....▒.▒.▒........▒▒▒▒▒▒
..........▒▒.▒..M....▒▒▒▒........
▒.▒▒.▒▒.......▒g▒.▒...▒▒▒▒.......
..▒▒.▒▒...▒▒.....÷.............▒▒
......▒............▒>............
......▒▒..▒▒...(.................
▒'▒▒▒▒▒▒..▒▒.▒▒....▒...▒▒▒▒▒▒▒.▒.
.....▒ ▒..▒▒.......▒...▒ ▒.▒.
.....▒▒▒..▒▒..▒........▒▒▒▒▒▒▒.▒.
▒▒▒..▒...........................


You could see a gnoll.


Message History

You now have 119 gold pieces (gained 4)!
You open the door!
Found an escape hatch in the floor!
Found 10 poisoned bolts!
There is an open door here!
A gnoll comes into view! It is wielding a halberd!
The gnoll shouts!!!
A gnoll is nearby!!!
A gnoll is nearby!!! 2 gnolls come into view!
The gnoll shouts!!!
A gnoll comes into view!
Found a stone staircase leading up!
The gnoll hits you from afar with a halberd!!!
There is an open door here!
There is a stone staircase leading up here!
Found a stone staircase leading down!
The gnoll barely misses you!
There is a stone staircase leading up here!
The gnoll hits you with a halberd!!! * * * don't die
* * * The gnoll hits you from afar with a spear! * * * don't die
* * * You climb upwards!
There is a stone staircase leading down here!
You beat the gnoll into a bloody pulp!
The gnoll is moderately wounded!
The gnoll hits you with a halberd!!!!!!
DANG rip

Action                   |  1- 3 |  4- 6 || total
-------------------------+-------+-------++-------
Melee: Unarmed           |   157 |    55 ||   212
 Stab: Sleeping          |     4 |       ||     4

Vault maps used:
D:1:      saegor_arrival_simple_b, hex_large, nrook_uturn,
          minmay_strange_pillars, minivault_23, minmay_surrounded
D:2:      lemuel_doored_altar, st_stairs_13, kennysheep_generic_room_11
D:3:      grunt_temple_overflow_forces_of_nature, first_bread,
          hangedman_ru_absence

Notes
Turn   | Place    | Note
--------------------------------------------------------------
     0 | D:1      | GrosslyIncandescent the Mummy Monk began the quest for the Orb.
     0 | D:1      | Reached XP level 1. HP: 18/18 MP: 1/1
   463 | D:1      | Reached XP level 2. HP: 6/24 MP: 2/2
  1245 | D:1      | Reached skill level 4 in Unarmed Combat
  1664 | D:1      | Reached XP level 3. HP: 29/29 MP: 3/3
  2885 | D:2      | Reached XP level 4. HP: 22/35 MP: 4/4
  3043 | D:2      | Found a basalt altar of Yredelemnul.
  3794 | D:3      | Found a stormy altar of Qazlal.
  3800 | D:3      | Found a blossoming altar of Fedhas.
  3856 | D:3      | Found a sacrificial altar of Ru.
  4019 | D:2      | Slain by a gnoll

Vanquished Creatures
  2 adders (D:2)
  A worm (D:2)
  3 dart slugs
  3 giant geckos
  3 giant cockroaches
  9 goblins
  11 hobgoblins
  2 jackals (D:1)
  4 quokkas
  7 bats
  A giant newt (D:1)
  7 kobolds
  11 rats
64 creatures vanquished.
